 Dungeon Crawl Stone Soup version 0.28-a0-925-gd5e1996cdb (webtiles) character file.

Game seed: 13409127689551155595

44 ders the Caller (level 3, -2/14 HPs)
             Began as a Felid Summoner on Nov 26, 2021.
             Slain by an iguana (8 damage)
             ... on level 2 of the Dungeon.
             The game lasted 00:04:20 (2774 turns).

ders the Caller (Felid Summoner)                    Turns: 2774, Time: 00:04:21

Health: -2/14      AC:  1    Str:  4    XL:     3   Next: 41%
Magic:  2/7        EV: 18    Int: 17    God:
Gold:   85         SH:  0    Dex: 16    Spells: 6/7 levels left
                                        Lives:  0   Deaths: 0

rFire   . . .      SeeInvis +   (weapon unavailable)
rCold   . . .      Faith    .   (shield unavailable)
rNeg    . . .      Spirit   .   (armour unavailable)
rPois   .          Reflect  .   (helmet unavailable)
rElec   .          Harm     .   (cloak unavailable)
rCorr   .          Rampage  .   (gloves unavailable)
Will    .....                   (boots unavailable)
Stlth   ++........              (no amulet)
HPRegen 0.04/turn               (no ring)
MPRegen 0.10/turn               (no ring)

@: quick
A: very small, claws 1, fangs 3, see invisible, speed 1, shaggy fur 1, stealthy
paws, no weapons or thrown items, no armour, multi-lived
a: no special abilities


You were on level 2 of the Dungeon.
You visited 1 branch of the dungeon, and saw 2 of its levels.

You collected 85 gold pieces.

Inventory:

Scrolls
 a - a scroll of fear {unknown}
 c - a scroll of teleportation {unknown}
 d - a scroll of blinking {unknown}
 e - a scroll of identify {unknown}
Potions
 b - a potion of heal wounds {unknown}
 f - 2 potions of cancellation {unknown}


   Skills:
 + Level 3.6 Dodging
 - Level 3.0 Stealth
 + Level 2.5 Spellcasting
 + Level 4.4 Summonings


You had 6 spell levels left.
You knew the following spells:

 Your Spells              Type           Power      Damage    Failure   Level
a - Summon Small Mammal   Summ           68%        N/A       3%          1

Your spell library contained the following spells:

 Spells                   Type           Power      Damage    Failure   Level
 Call Imp                 Summ           17%        N/A       4%          2
 Call Canine Familiar     Summ           17%        N/A       9%          3
 Freeze                   Ice            8%         1d3       19%         1
 Shock                    Conj/Air       8%         1d3       19%         1
 Slow                     Hex            8%         N/A       19%         1
 Summon Guardian Golem    Hex/Summ       9%         N/A       22%         3
 Confusing Touch          Hex            2%         N/A       50%         3
 Swiftness                Air            2%         N/A       50%         3
 Vampiric Draining        Necr           2%         2d6       50%         3
 Summon Lightning Spire   Summ/Air       9%         N/A       58%         4
 Airstrike                Air            1%         N/A       88%         4


Dungeon Overview and Level Annotations

Branches:
Dungeon (2/15)

Altars:

Annotations:
D:2 Robin


Innate Abilities, Weirdness & Mutations

You have sharp claws.
You have razor-sharp teeth.
You have supernaturally acute eyesight. (SInv)
You cover ground quickly. (Speed+)
You are covered in fur. (AC +1)
Your paws help you pounce on unaware monsters.
You are incapable of wielding weapons or throwing items.
You cannot wear armour.
You gain extra lives every three experience levels.


Message History

Your bat hits the iguana but does no damage.
The iguana completely misses you.
Unknown command.
Your bat hits the iguana.
Your bat barely misses the iguana.
The iguana bites your bat.
Your bat dies!
Your bat's corpse disappears in a puff of smoke!
Your bat hits the iguana but does no damage.
Your bat hits the iguana.
Casting: Summon Small Mammal (safe; 3% risk of failure)
Confirm with . or Enter, or press ? or * to list all spells.
Your bat hits the iguana but does no damage.
The iguana barely misses you. The iguana completely misses you.
Unknown command.
Your bat closely misses the iguana.
Your quokka bites the iguana but does no damage.
What are your orders? t - Meow!
Orders for allies: a - Attack new target. r - Retreat! s - Stop attacking. g - Guard the area. f - Follow me.
Anything else - Cancel.
Gang up on whom?
Press: ? - help, Dir - move target, f - iguana
Aim: an iguana (heavily wounded, ally target) Attack!
Your bat hits the iguana but does no damage.
The iguana barely misses your bat.
Your quokka closely misses the iguana.
Your bat hits the iguana but does no damage.
The iguana misses your bat.
Your quokka bites the iguana.
Your bat barely misses the iguana.
The iguana barely misses your quokka.
Your quokka barely misses the iguana.
You closely miss the iguana.
The iguana is severely wounded.
Your bat barely misses the iguana.
Your quokka bites the iguana but does no damage.
The iguana bites you!
Ouch! That really hurt!
You die...

## .. .# .# ############
######.### #..........#
#........# #..........#
#.########
#..........###........
#..........@l.b.#####. .
#####.......r.#.# ###.
#.........#.# # #..
#.........#.# #. #.##
####.........#.#####.###...
#............+.............
#............#.#######...#.
#............#.#######.#.#.
#...........>)........g....


You could see an iguana (ally target), a friendly quokka (summoned) and a
friendly bat (summoned).

Vanquished Creatures
  An adder (D:1)
  A worm (D:1)
  2 giant cockroaches
  5 goblins
  2 hobgoblins
  A bat (D:1)
  A frilled lizard (D:1)
  A kobold (D:1)
14 creatures vanquished.

Vanquished Creatures (collateral kills)
  A giant cockroach (D:1)
  7 goblins
  A hobgoblin (D:2)
  2 ball pythons (D:1)
  2 kobolds (D:1)
  2 rats (D:2)
15 creatures vanquished.

Grand Total: 29 creatures vanquished

Notes
Turn   | Place    | Note
-------+----------+-------------------------------------------
     0 | D:1      | ders the Felid Summoner began the quest for the Orb.
     0 | D:1      | Reached XP level 1. HP: 7/7 MP: 4/4
    50 | D:1      | Found a faded altar of an unknown god.
    56 | D:1      | Got Plato's Guide on the Frostbite
   685 | D:1      | Reached XP level 2. HP: 11/11 MP: 3/6
  2185 | D:2      | Reached XP level 3. HP: 14/14 MP: 5/7
  2188 | D:2      | Identified the +4 helmet of Tuliuck {*Slow rF+ Will++
                  | Regen+}
  2188 | D:2      | Noticed Robin
  2774 | D:2      | Slain by an iguana

Illustrated notes

Levels and vault maps discovered:
D:1:      lightli_molten_gateway, layout_loops_ring,
          shapermc_ecumenical_altar_rom_forum, chequers_serial_rivers_micro_e,
          nicolae_wormholes
D:2:      layout_basic, uniq_robin

Skill      XL: |  1 |
---------------+----+-----
Dodging        | 3 |  3.6
Stealth        | 3 |  3.0
Spellcasting   | |  2.5
Summonings     | |  4.4

Action                   || total
-------------------------++-------
Melee: Unarmed           ||    59
       Bite              ||     7
 Cast: Summon Small Mamm ||    61
 Stab: Distracted        ||     1
Armor: Skin              ||     4
Dodge: Dodged            ||    88

Table legend: (Time is in decaauts)
 A = Elapsed time spent in this place.
 B = Non-inter-level travel time spent in this place.
 C = Inter-level travel time spent in this place.
 D = Time resting spent in this place.
 E = Time spent auto-exploring this place.
 F = Levels seen in this place.
 G = Mean time per level.
                   A        B        C        D        E       F      G
               +--------+--------+--------+--------+--------+-----+--------+
         Total |   2578 |   2557 |     21 |   1195 |    972 |   2 | 1289.0 |
       Dungeon |   2578 |   2557 |     21 |   1195 |    972 |   2 | 1289.0 |
               +--------+--------+--------+--------+--------+-----+--------+

Top non-repeatable levels by time:
     D:1: 1864 daAuts
     D:2: 714 daAuts
